 Dungeon Crawl Stone Soup version 0.32-a0-837-g8d3e27d251 (webtiles) character file.

Game seed: 6111299990624574259

62928 Morbidden the Brawler (level 14, -3/118 HPs)
             Began as a Grey Draconian Shapeshifter on Mar 25, 2024.
             Was a High Priest of Cheibriados.
             Slain by a white ugly thing (35 damage)
             ... on level 14 of the Dungeon on Mar 26, 2024.
             The game lasted 00:34:10 (20669 turns).

Morbidden the Brawler (DrSh)                       Turns: 20669, Time: 00:34:12

Health: -3/118     AC: 10    Str: 40 (42) XL:     14   Next: 66%
Magic:  12/24      EV: 23    Int: 28 (30) God:    Cheibriados [*****.]
Gold:   1042       SH:  0    Dex: 25      Spells: 17/27 levels left

rFire   . .          .
                       - Unarmed
rCold   . . .        F - melded +1 kite shield
rNeg    . . .        (body armour unavailable)
rPois   .            (helmet restricted)
rElec   .            O - +0 cloak
rCorr   .            K - +2 pair of gloves {infuse}
SInv    .            M - +0 pair of boots
Will    ++...        v - amulet of regeneration
Stlth   +            d - +6 ring of strength
HPRegen 1.19/turn    w - +6 ring of strength
MPRegen 0.19/turn

%: infuse magic (1 MP)
@: flux-form, corroded, attractive, enlightened, flying, glowing, studying
Hexes, very slow
A: glow, contaminating, mud breath, mud-swimmer, AC +13, amphibious, unfitting
armour, cold-blooded
a: Mud Breath, Begin Untransformation, Renounce Religion, Bend Time, Temporal
Distortion, Slouch, Step From Time


You were on level 14 of the Dungeon.
You worshipped Cheibriados.
Cheibriados was extremely pleased with you.
You were something dangerously unstable.
You visited 3 branches of the dungeon, and saw 20 of its levels.
You also visited: Ossuary.

You collected 1257 gold pieces.
You spent 215 gold pieces at shops.

Inventory:

Missiles
 p - 4 throwing nets
 r - 61 poisoned darts (quivered)
 U - a curare-tipped dart
Armour
 F - a +1 kite shield (melded)
 K - a +2 pair of gloves of infusion (worn)
 M - a +0 pair of boots (worn)
 O - a +0 cloak (worn)
Jewellery
 d - a +6 ring of strength (left hand)
 n - a ring of resist corrosion
 v - an amulet of regeneration (around neck)
 w - a +6 ring of strength (right hand)
 x - a ring of protection from cold
 E - a ring of fire
 I - a ring of fire
 R - a ring of see invisible
 T - an amulet of magic regeneration
 W - a ring of protection from cold
Talismans
 b - a beast talisman
 c - a flux talisman (active)
 i - a granite talisman
 Z - a serpent talisman
Wands
 a - a wand of polymorph (17)
 C - a wand of light (17)
 H - a wand of paralysis (20)
 N - a wand of iceblast (17)
 X - a wand of flame (12)
Scrolls
 f - 2 scrolls of poison
 h - 11 scrolls of amnesia
 u - 6 scrolls of fog
 y - 9 scrolls of teleportation
 z - 3 scrolls of blinking
 A - 5 scrolls of immolation
 B - 2 scrolls of fear
 L - a scroll of vulnerability
 Q - a scroll of silence
 S - 2 scrolls of revelation
 V - 7 scrolls of enchant weapon
Potions
 e - 2 potions of enlightenment
 g - 8 potions of heal wounds
 j - 5 potions of attraction
 k - a potion of brilliance
 l - 5 potions of might
 m - 2 potions of lignification
 o - 2 potions of cancellation
 q - a potion of haste
 s - 6 potions of curing
 t - a potion of mutation
 D - 2 potions of magic
 G - a potion of degeneration
 J - 2 potions of berserk rage
 P - 2 potions of resistance
 Y - 2 potions of ambrosia


   Skills:
 * Level 9.4 Fighting
 + Level 1.5 Throwing
 * Level 9.4 Dodging
 + Level 2.8 Stealth
 + Level 3.5 Shields
 * Level 15.2 Unarmed Combat
 * Level 7.3 Spellcasting
 * Level 7.8 Summonings
 + Level 0.5 Fire Magic
 + Level 1.2 Ice Magic
 * Level 8.1 Invocations
 + Level 0.4 Evocations
 * Level 9.5 Shapeshifting


You had 17 spell levels left.
You knew the following spells:

 Your Spells              Type           Power      Damage    Failure   Level
a - Call Canine Familiar  Summ           52%        N/A       1%          3
b - Summon Ice Beast      Ice/Summ       35%        N/A       2%          3
c - Summon Blazeheart Go  Fire/Summ      33%        N/A       10%         4

Your spell library contained the following spells:

 Spells                   Type           Power      Damage    Failure   Level
 Summon Small Mammal      Summ           100%       N/A       1%          1
 Freeze                   Ice            68%        1d8       3%          1
 Apportation              Tloc           20%        N/A       5%          1
 Necrotise                Necr           40%        1d6       5%          1
 Slow                     Hex            40%        N/A       5%          1
 Sting                    Conj/Alch      40%        1d5       5%          1
 Scorch                   Fire           26%        2d6       6%          2
 Cigotuvi's Dreadful Rot  Necr/Alch/Air  20%        N/A       9%          2
 Mercury Vapours          Alch/Air       20%        N/A       9%          2
 Frozen Ramparts          Ice            34%        1d6       10%         3
 Hailstorm                Conj/Ice       13%        3d6       12%         3
 Confusing Touch          Hex            10%        N/A       16%         3
 Gell's Gravitas          Tloc           10%        N/A       16%         3
 Mephitic Cloud           Conj/Alch/Air  10%        N/A       16%         3
 Teleport Other           Tloc           10%        N/A       16%         3
 Tukima's Dance           Hex            10%        N/A       16%         3
 Vampiric Draining        Necr           10%        2d6       16%         3
 Summon Forest            Summ/Tloc      16%        N/A       30%         5
 Summon Mana Viper        Hex/Summ       32%        N/A       30%         5
 Summon Cactus Giant      Summ           26%        N/A       32%         6
 Flame Wave               Conj/Fire      11%        2d6       43%         4
 Ignite Poison            Fire/Alch      11%        N/A       43%         4
 Dimensional Bullseye     Hex/Tloc       5%         N/A       47%         4
 Iskenderun's Mystic Bla  Conj/Tloc      10%        2d4       47%         4
 Freezing Cloud           Conj/Ice/Air   6%         6-21      77%         5
 Monstrous Menagerie      Summ           26%        N/A       88%         7
 Summon Hydra             Summ           26%        N/A       88%         7
 Dispersal                Tloc           5%         N/A       100%        6
 Eringya's Noxious Bog    Alch           5%         4d6       100%        6


Dungeon Overview and Level Annotations

Branches:
Dungeon (14/15)            Temple (0/1) D:6            Lair (5/5) D:11
 Shoals (0/4) Lair:3       Spider (1/4) Lair:3        Slime (0/5) Lair:5
    Orc (0/2) D:9         Ossuary (visited)
 Vaults: D:13-14

Altars:
Cheibriados
Hepliaklqana
Okawaru
Ru
Vehumet
Xom
Jiyva

Shops:
D:7 (   D:8 *

Annotations:
D:2 1 runed translucent door, Crazy Yiuf
D:12 3 runed translucent doors, grizmgrazm2's ghost, journeyman GnSh
Lair:4 1 runed translucent door, anet's ghost, journeyman MDCj
Lair:5 exclusion: 3 oklob plants


Innate Abilities, Weirdness & Mutations

You are something dangerously unstable.
You glow with magical radiation, making you easy to see and hit.
Foes you strike become dangerously contaminated with magical radiation.
You are incapable of wielding weapons or throwing items.
You can breathe torrents of mud.
You are unimpeded by mud.
Your dull iron-grey scales are very hard. (AC +13)
You are amphibious.
You cannot fit into any form of body armour.
You are cold-blooded and may be slowed by cold attacks.


Message History

The white ugly thing punches you. The white ugly thing freezes you!!
You feel yourself slow down.
* * * LOW HITPOINT WARNING * * *
Unknown command.
As you read the scroll of fear, it crumbles to dust.
You assume a fearsome visage.
The white ugly thing looks frightened! x5
The white ugly thing basks in the mutagenic energy from its kin and changes!
The white ugly thing is attracted toward you. x3
Unknown command.
Unknown command.
Unknown command.
You feel yourself speed up.
The white ugly thing basks in the mutagenic energy from its kin and changes! x2
The red ugly thing is attracted toward you.
The brown ugly thing is attracted toward you.
The red ugly thing is attracted toward you.
The white ugly thing is attracted toward you. x2
Unknown command.
Unknown command.
Unknown command.
The red ugly thing basks in the mutagenic energy from its kin and changes!
The white ugly thing is attracted toward you.
The brown ugly thing is attracted toward you.
Unknown command.
Unknown command.
The red ugly thing seems to regain its courage.
The white ugly thing seems to regain its courage.
The white ugly thing is attracted toward you.
The red ugly thing is attracted toward you.
Unknown command.
The red ugly thing basks in the mutagenic energy from its kin and changes!
The white ugly thing basks in the mutagenic energy from its kin and changes!
The brown ugly thing is attracted toward you.
The white ugly thing attacks as it pursues you!
The white ugly thing closely misses you.
The white ugly thing gores you.
* * * LOW HITPOINT WARNING * * *
The white ugly thing freezes you!!
You die...
Cheibriados appreciates the motionlessness of death.

.......................
...>..........§........
.................u..u..
................§§.....
..............§u§......
......######.[§#####..#
#####.# #.u§#
......######..u#####..##
..............uup.......
###..###################
#..# #..# #... #..#.
....## #..#


You could see 4 ugly things.

Vanquished Creatures
  Kirke (D:12)
  Azrael (D:12)
  5 hydras
  2 centaur warriors (D:13)
  A merfolk avatar (Lair:5)
  2 two-headed ogres
  3 boulder beetles
  A demonic crawler (Lair:3)
  6 skysharks
  A glowing orange brain (D:12)
  An arcanist (D:13)
  A mana viper (shapeshifter) (D:12)
  8 ugly things
  A deep elf pyromancer (D:12)
  A harpy (Lair:5)
  A steelbarb worm (Spider:1)
  An oklob plant (D:11)
  5 manticores
  Maurice (D:7)
  2 cyclopes
  9 elephants (Lair:5)
  13 cane toads
  5 gargoyles
  4 black mambas
  4 rime drakes (Lair:5)
  3 unseen horrors (D:13)
  7 komodo dragons
  4 kobold demonologists
  3 polar bears
  A wind drake (Lair:5)
  6 trolls
  A hornet (Lair:5)
  33 blink frogs
  A spriggan (Lair:2)
  4 basilisks
  A spriggan (shapeshifter) (D:13)
  7 wyverns
  3 fire elementals (D:12)
  3 hogs (D:12)
  27 yaks
  A warg (D:9)
  A human (D:9)
  2 steam dragons
  A redback (Lair:3)
  A hell hound (D:12)
  8 water moccasins
  An acid dragon (D:10)
  A sky beast (D:7)
  3 orc warriors
  An ogre (D:4)
  2 laughing skulls (D:13)
  18 wolves
  4 centaurs
  A phantom (D:4)
  A weeping skull (Ossuary)
  8 kobold brigands
  9 bullfrogs
  An elf zombie (Ossuary)
  3 scorpions
  4 gnoll sergeants
  2 burial acolytes (Ossuary)
  3 wights (D:7)
  5 killer bees (D:9)
  12 howler monkeys
  A vampire bat (Lair:1)
  3 electric eels (Lair:1)
  A human zombie (Ossuary)
  2 bombardier beetles
  7 orc priests
  4 gnoll boudas
  5 hounds
  6 jellies
  3 sleepcaps
  6 iguanas
  Terence (D:2)
  12 orc wizards
  4 hound zombies (Ossuary)
  2 mummies (Ossuary)
  6 adders
  23 gnolls
  2 white imps
  2 dart slugs
  4 ribbon worms
  12 orcs
  12 bats
  10 endoplasms
  A giant cockroach (D:3)
  10 goblins
  6 hobgoblins
  5 jackals
  3 quokkas
  5 ball pythons
  4 frilled lizards
  5 gnoll zombies (Ossuary)
  18 kobolds
  5 orc zombies (Ossuary)
  5 rats
472 creatures vanquished.

Vanquished Creatures (collateral kills)
  A boulder beetle (D:13)
  2 elephants (Lair:5)
  2 blink frogs (Lair:2)
  4 yaks
  A golden eye (Lair:5)
  A steam dragon (Lair:5)
  2 black bears (Lair:2)
  2 wolves (Lair:2)
  A bullfrog (Lair:4)
  3 orc wizards (D:10)
  2 kobolds (D:10)
21 creatures vanquished.

Vanquished Creatures (others)
  An orc (D:7)
  2 blazeheart cores (Lair:5)
3 creatures vanquished.

Grand Total: 496 creatures vanquished

Notes
Turn   | Place    | Note
-------+----------+-------------------------------------------
     0 | D:1      | Morbidden the Draconian Shapeshifter began the quest for
                  | the Orb.
     0 | D:1      | Reached XP level 1. HP: 16/16 MP: 1/1
   145 | D:1      | Reached XP level 2. HP: 23/23 MP: 2/2
   750 | D:2      | Reached XP level 3. HP: 28/28 MP: 3/3
   927 | D:2      | Found a runed translucent door.
   928 | D:2      | Noticed Crazy Yiuf
  1042 | D:2      | Noticed Terence
  1053 | D:2      | Killed Terence
  1241 | D:2      | Reached XP level 4. HP: 26/35 MP: 4/4
  1573 | D:3      | Reached skill level 4 in Unarmed Combat
  1823 | D:3      | Found a radiant altar of Vehumet.
  1991 | D:3      | Reached XP level 5. HP: 41/41 MP: 6/6
  2013 | D:3      | Reached skill level 1 in Spellcasting
  2443 | D:3      | Reached XP level 6. HP: 32/49 MP: 7/7
  2609 | D:4      | Reached skill level 5 in Unarmed Combat
  3107 | D:4      | Your scales start taking on a dull iron-grey colour.
  3107 | D:4      | Reached XP level 7. HP: 56/56 MP: 9/9
  3637 | D:5      | Entered Level 5 of the Dungeon
  3674 | D:5      | Learned a level 3 spell: Call Canine Familiar
  3860 | D:5      | Reached skill level 1 in Stealth
  3860 | D:5      | Reached skill level 6 in Unarmed Combat
  3869 | D:5      | Found a hazy altar of Hepliaklqana.
  3998 | D:5      | Reached skill level 1 in Summonings
  4018 | D:5      | Reached XP level 8. HP: 53/63 MP: 11/11
  4169 | D:5      | Reached skill level 7 in Unarmed Combat
  4264 | D:5      | Found a snail-covered altar of Cheibriados.
  4285 | D:5      | Became a worshipper of Cheibriados the Contemplative
  4480 | D:6      | Found a staircase to the Ecumenical Temple.
  4594 | D:6      | Found a sand-covered staircase.
  4598 | Ossuary  | Entered an ossuary
  4654 | Ossuary  | Found an ancient bone altar of Kikubaaqudgha.
  4680 | Ossuary  | Reached skill level 1 in Invocations
  4682 | Ossuary  | Reached * piety under Cheibriados
  5162 | D:6      | Reached skill level 8 in Unarmed Combat
  5162 | D:6      | Noticed a gargoyle
  5171 | D:6      | Noticed a gargoyle
  5177 | D:6      | Killed a gargoyle
  5178 | D:6      | Reached XP level 9. HP: 62/71 MP: 13/13
  5180 | D:6      | Reached skill level 1 in Shields
  5208 | D:6      | Killed a gargoyle
  5218 | D:6      | Reached skill level 5 in Dodging
  5467 | D:6      | Identified a scroll of acquirement
  5477 | D:6      | Acquired a +0 pair of gloves of infusion
  6210 | D:6      | Reached skill level 5 in Shapeshifting
  6237 | D:7      | Found a sacrificial altar of Ru.
  6445 | D:7      | Noticed Maurice
  6458 | D:7      | Something stole 16 poisoned darts
  6476 | D:7      | Killed Maurice
  6630 | D:7      | Found Wupnid's Antique Weapon Shoppe.
  6708 | D:7      | Reached ** piety under Cheibriados
  6849 | D:7      | Reached skill level 9 in Unarmed Combat
  7311 | D:8      | Reached XP level 10. HP: 79/79 MP: 15/15
  7521 | D:8      | Found Tautogo's Assorted Antiques.
  7531 | D:8      | Bought a twisted silver ring for 140 gold pieces
  7531 | D:8      | Bought a metallic white potion for 25 gold pieces
  7531 | D:8      | Bought a dark potion for 25 gold pieces
  7531 | D:8      | Bought a dark potion for 25 gold pieces
  8025 | D:8      | Reached *** piety under Cheibriados
  8169 | D:9      | Reached skill level 5 in Fighting
  8175 | D:9      | Reached skill level 10 in Unarmed Combat
  8211 | D:9      | Noticed a cyclops
  8219 | D:9      | Killed a cyclops
  8362 | D:9      | Noticed a gargoyle
  8369 | D:9      | Killed a gargoyle
  8488 | D:9      | Found a staircase to the Orcish Mines.
  8498 | D:9      | Reached **** piety under Cheibriados
  8796 | D:9      | Noticed a two-headed ogre
  8806 | D:9      | Killed a two-headed ogre
  9301 | D:10     | Entered Level 10 of the Dungeon
  9384 | D:10     | Reached XP level 11. HP: 88/88 MP: 16/18
  9852 | D:10     | Reached skill level 11 in Unarmed Combat
  9864 | D:10     | Reached skill level 1 in Throwing
 10134 | D:10     | Found an iron altar of Okawaru.
 10218 | D:11     | Learned a level 3 spell: Summon Ice Beast
 10278 | D:11     | Noticed a boulder beetle
 10294 | D:11     | Killed a boulder beetle
 10295 | D:11     | Reached skill level 5 in Spellcasting
 10379 | D:11     | Reached ***** piety under Cheibriados
 10393 | D:11     | Reached skill level 5 in Summonings
 10648 | D:11     | Reached skill level 5 in Invocations
 10709 | D:11     | Noticed an oklob plant
 11134 | D:11     | Found a staircase to the Lair.
 11241 | Lair:1   | Entered Level 1 of the Lair of Beasts
 11341 | Lair:1   | Noticed a five-headed hydra
 11351 | Lair:1   | Killed a five-headed hydra
 11645 | Lair:1   | Reached XP level 12. HP: 79/97 MP: 7/20
 11783 | Lair:1   | Reached skill level 12 in Unarmed Combat
 12511 | Lair:1   | Upgraded the game from 0.32-a0-825-g0e82a1035d to
                  | 0.32-a0-837-g8d3e27d251
 12764 | Lair:2   | Noticed a four-headed hydra
 12779 | Lair:2   | Killed a four-headed hydra
 14046 | Lair:3   | Reached skill level 13 in Unarmed Combat
 14046 | Lair:3   | Found a staircase to the Shoals.
 14195 | Lair:3   | Noticed a four-headed hydra
 14289 | Lair:3   | Reached ****** piety under Cheibriados
 14447 | Lair:3   | Reached XP level 13. HP: 86/105 MP: 14/22
 15124 | Lair:3   | Found a hole to the Spider Nest.
 15401 | Spider:1 | Entered Level 1 of the Spider Nest
 15795 | Lair:4   | Found a runed translucent door.
 15796 | Lair:4   | Noticed anet's ghost (journeyman MDCj)
 15858 | Lair:4   | Learned a level 4 spell: Summon Blazeheart Golem
 16209 | Lair:4   | Reached skill level 14 in Unarmed Combat
 16711 | Lair:5   | Entered Level 5 of the Lair of Beasts
 16753 | Lair:5   | Reached skill level 1 in Ice Magic
 16940 | Lair:5   | Found a viscous altar of Jiyva.
 17094 | Lair:5   | Found a staircase to the Slime Pits.
 17296 | Lair:5   | Reached XP level 14. HP: 110/116 MP: 14/24
 19045 | D:12     | Noticed Azrael
 19139 | D:12     | Killed Azrael
 19315 | D:12     | Noticed Kirke
 19331 | D:12     | Killed Kirke
 19332 | D:12     | Reached skill level 15 in Unarmed Combat
 19402 | D:12     | Found a runed translucent gate.
 19403 | D:12     | Found a runed translucent gate.
 19405 | D:12     | Found a runed translucent gate.
 19579 | D:12     | Found a runed translucent gate.
 19579 | D:12     | Found a runed translucent gate.
 19581 | D:12     | Noticed a cacodemon
 19581 | D:12     | Noticed grizmgrazm2's ghost (journeyman GnSh)
 19583 | D:12     | Found a runed translucent gate.
 20424 | D:13     | Found a shimmering altar of Xom.
 20425 | D:13     | Found a shimmering altar of Xom.
 20427 | D:13     | Found a shimmering altar of Xom.
 20429 | D:13     | Found a shimmering altar of Xom.
 20429 | D:13     | Found a shimmering altar of Xom.
 20430 | D:13     | Found a shimmering altar of Xom.
 20669 | D:14     | Slain by a white ugly thing

Illustrated notes

Levels and vault maps discovered:
D:1:      dreamdust_arrival_sigmund_warning, layout_basic
D:2:      layout_loops_ring, kennysheep_boxes, uniq_crazy_yiuf_cottage,
          uniq_terence
D:3:      cheibrodos_old_hovel, layout_rooms, overflow_temple_1_default
D:4:      layout_basic, minmay_misc_feat_room
D:5:      layout_cave_pools, mainiacjoe_overflow_24_doors,
          kennysheep_little_box, serial_gnoll_camp, gnoll_camp_mini_hut,
          gnoll_camp_mini_hut, gnoll_camp_huts_basic, gnoll_camp_mini_hut,
          fountainhead, dreamdust_princess_corridor
D:6:      minmay_chambers_of_sixes, layout_basic,
          minmay_temple_entry_from_below_a,
          nicolae_ossuary_entry_false_entrances, nicolae_figureground_pulse
D:7:      layout_basic, nicolae_ru_sacrificial_ziggurat, serial_shops, shop,
          uniq_maurice
D:8:      layout_cave_pools, nicolae_overflow_hidden_temple, serial_rivers,
          chequers_serial_rivers_micro_e, chequers_serial_rivers_room_a,
          chequers_serial_rivers_small_3, chequers_serial_rivers_micro_c,
          chequers_serial_rivers_small_3, chequers_serial_rivers_micro_c,
          serial_shops, nicolae_lakefront_shop
D:9:      layout_cave_pods, erik_orc_4, skrybe_limestone_x
D:10:     minmay_flawed_box, layout_irregular_city,
          hellmonk_okawaru_the_only_friend_you_need,
          chequers_serial_rivers_micro_c
D:11:     layout_long_grid, dpeg_oklobed_lair
D:12:     layout_roguey, ploomutoo_gammafunk_ghost_potion_laboratory,
          minmay_misc_feat_cross, uniq_kirke, uniq_azrael
D:13:     layout_rooms, serial_aquarium, aquarium_bridge_long_separate
          [aquarium_subvault_balcony, aquarium_subvault_bridge,
          aquarium_subvault_bridge, aquarium_subvault_wall,
          aquarium_subvault_balcony, aquarium_subvault_bridge],
          aquarium_bridge_square [aquarium_subvault_bridge,
          aquarium_subvault_wall, aquarium_subvault_wall,
          aquarium_subvault_bridge], aquarium_window_fake,
          aquarium_window_corridor_1, aquarium_window_fake, aquarium_window_2,
          aquarium_view_2f, aquarium_balcony_3a, xom_shifter_show
D:14:     layout_long_grid, erik_vaults_2, roderic_roman_lattice, enter_trove_0,
          chequers_jeans, uniq_nessos
Lair:1:   layout_regular_city, roderic_batcave, minmay_holes,
          serial_bayou_shore_a, serial_bayou_shore_b
Lair:2:   layout_cave_pods, dreamdust_mushroom_princess,
          grunt_forest_large_clearings, infiniplex_staircase_pool,
          lemuel_fruit_tree, serial_bayou_shore_b
Lair:3:   layout_regular_city, minmay_shoals_entry_beasts, dummy_spider_entry,
          grunt_megastairs_3
Lair:4:   layout_gridlike, ebering_ghost_inner_flame, hellmonk_talismancer,
          serial_bayou_shore_b
Lair:5:   gammafunk_lair_ancient_temple, layout_regular_city, slime_entry_2,
          disabler_island
Spider:1: layout_chambers, nicolae_spider_rock_and_or_roll

Skill      XL: |  1  2  3  4  5  6  7  8  9 10 11 12 13 14 |
---------------+-------------------------------------------+-----
Dodging        | 2 3 4 5 6 7 8 9 |  9.4
Unarmed Combat | 4 5 6 8 9 10 11 13 14 15 | 15.2
Spellcasting   | 1 2 3 4 5 6 7 |  7.3
Fighting       | 2 3 4 5 6 7 8 9 |  9.4
Shapeshifting  | 4 5 6 7 8 9 |  9.5
Stealth        | 1 2 |  2.8
Summonings     | 1 2 3 4 5 6 7 |  7.8
Invocations    | 2 3 4 5 6 7 8 |  8.1
Shields        | 1 2 3 |  3.5
Throwing       | 1 |  1.5
Ice Magic      | 1 |  1.2
Fire Magic     | |  0.5
Evocations     | |  0.4

Action                     |  1- 3 |  4- 6 |  7- 9 | 10-12 | 13-15 || total
---------------------------+-------+-------+-------+-------+-------++-------
  Melee: Unarmed           |    91 |   156 |   397 |   579 |   466 ||  1689
         Tailslap          |     8 |    18 |    71 |    97 |   112 ||   306
         Punch             |       |     2 |     4 |       |       ||     6
  Throw: Dart              |       |     2 |     1 |    38 |       ||    41
   Cast: Call Canine Famil |       |       |       |    16 |    11 ||    27
         Summon Ice Beast  |       |       |       |    10 |     7 ||    17
         Summon Blazeheart |       |       |       |       |     6 ||     6
 Invoke: Slouch            |       |       |       |     3 |     6 ||     9
Ability: Mud Breath        |       |       |     5 |     8 |     7 ||    20
  Evoke: Wand              |       |       |     5 |     3 |     5 ||    13
    Use: Potion            |     1 |     1 |       |       |    10 ||    12
         Scroll            |       |     9 |     7 |     9 |     6 ||    31
   Stab: Sleeping          |       |     1 |     1 |       |     1 ||     3
         Paralysed         |       |       |     1 |       |       ||     1
         Invisible         |       |       |       |     1 |       ||     1
         Distracted        |       |       |       |     2 |     1 ||     3
 Armour: Skin              |    43 |    78 |   211 |   326 |   318 ||   976
  Dodge: Dodged            |    72 |    86 |   188 |   665 |   617 ||  1628
  Block: Kite shield       |       |       |   101 |   172 |     1 ||   274
         Buckler           |       |       |    15 |       |       ||    15
   Form: Flux              |       |       |       |     1 |     2 ||     3
                           |       |       |       |       |     1 ||     1
         Statue            |       |       |       |       |     1 ||     1
         Serpent           |       |       |       |       |     1 ||     1

Table legend: (Time is in decaauts)
 A = Elapsed time spent in this place.
 B = Non-inter-level travel time spent in this place.
 C = Inter-level travel time spent in this place.
 D = Time resting spent in this place.
 E = Time spent auto-exploring this place.
 F = Levels seen in this place.
 G = Mean time per level.
                   A        B        C        D        E       F      G
               +--------+--------+--------+--------+--------+-----+--------+
         Total |  27797 |  26551 |   1246 |   2057 |  20253 |  21 | 1323.7 |
       Dungeon |  16586 |  15831 |    755 |   1800 |  11379 |  14 | 1184.7 |
          Lair |  10679 |  10188 |    491 |    257 |   8519 |   5 | 2135.8 |
   Spider Nest |     10 |     10 |      0 |      0 |      0 |   1 |   10.0 |
       Ossuary |    522 |    522 |      0 |      0 |    354 |   1 |  522.0 |
               +--------+--------+--------+--------+--------+-----+--------+

Top non-repeatable levels by time:
  Lair:5: 2577 daAuts
  Lair:2: 2268 daAuts
  Lair:3: 2234 daAuts
  Lair:1: 1823 daAuts
  Lair:4: 1775 daAuts
     D:6: 1757 daAuts
     D:9: 1722 daAuts
    D:12: 1687 daAuts
    D:11: 1631 daAuts
     D:7: 1411 daAuts
    D:10: 1372 daAuts
    D:13: 1363 daAuts
     D:8: 1096 daAuts
     D:4: 1043 daAuts
     D:3: 1028 daAuts
